[Event "Budapest Chess Festival 2024"]
[Site "Budapest"]
[Date "2024.05.31"]
[Round "9.5"]
[White "Deuer, Marius"]
[Black "Costa, Leonardo"]
[Result "0-1"]
[ECO "E41"]
[WhiteElo "2436"]
[BlackElo "2486"]
[Annotator "TA"]
[PlyCount "29"]
[EventDate "2024.05.20"]
[EventType "swiss"]
[EventCountry "HUN"]
[SourceTitle "playchess.com"]
[Source "ChessBase"]
[SourceQuality "1"]
[TimeControl "40/5400+30:1800+30"]

1. d4 Nf6 2. c4 e6 3. Nc3 Bb4 4. e3 c5 5. Bd3 Nc6 6. Nge2 d5 7. cxd5 exd5 8. a3 Bxc3+ 9. bxc3 O-O 10. dxc5 {[%emt 0:20:29] The position is equal.} Ne4 11. Qc2 Ne5 {[%emt 0:03:22] Excellent horsemanship.} 12. Nf4 Bf5 13. O-O {[%emt 0:04:33] [#] Threatens to win with f3.} Re8 14. f3 (14. Bxe4 $11 dxe4 (14... Bxe4 15. Qd1 $11) 15. Rb1) 14... Nxd3 $17 15. Nxd3 {[%emt 0:00:57] Weighted Error Value: White=0.29 (precise) /Black=0.04 (flawless) .  Mistake:       	White=1     	---        Inaccurate:     	White=1     	---        OK:         	---       	Black=4      Best:        	White=1     	Black=2} 0-1

[Event "Budapest Chess Festival 2024"]
[Site "Budapest"]
[Date "2024.05.31"]
[Round "9.6"]
[White "Cabarkapa, Novak"]
[Black "Shohat, Yotam"]
[Result "1/2-1/2"]
[ECO "B22"]
[WhiteElo "2444"]
[BlackElo "2410"]
[Annotator "RC"]
[PlyCount "87"]
[EventDate "2024.05.20"]
[EventType "swiss"]
[EventCountry "HUN"]
[SourceTitle "playchess.com"]
[Source "ChessBase"]
[SourceQuality "1"]
[TimeControl "40/5400+30:1800+30"]

1. e4 c5 2. c3 Nf6 3. e5 Nd5 4. Nf3 Nc6 5. d4 cxd4 6. cxd4 d6 7. Bc4 dxe5 8. dxe5 Ndb4 9. O-O Qxd1 10. Rxd1 Bg4 11. Nc3 Nc2 12. Rb1 Bxf3 13. gxf3 e6 14. f4 N2d4 15. Nb5 O-O-O 16. Be3 Bc5 17. b4 Nxb5 18. Rxd8+ Rxd8 19. Bxb5 Bxe3 20. fxe3 Rd2 21. Rc1 Kd7 22. a3 a6 23. Ba4 Rd3 24. Rd1 Rxd1+ 25. Bxd1 a5 26. bxa5 Nxa5 27. Ba4+ Kc7 28. Be8 f6 29. exf6 gxf6 30. Bb5 Kd6 31. Kf2 Kd5 32. Bd3 h6 33. Kf3 f5 34. e4+ fxe4+ 35. Bxe4+ Kd4 36. a4 b6 37. f5 exf5 38. Bxf5 Nc4 39. Kf4 Nb2 40. Bd7 Kd5 41. Kf5 Kd6 42. Bb5 Ke7 43. Kg6 Kf8 44. Kxh6 1/2-1/2

[Event "Budapest Chess Festival 2024"]
[Site "Budapest"]
[Date "2024.05.31"]
[Round "9.7"]
[White "Dragnev, Valentin"]
[Black "Shagbazyan, Taron"]
[Result "1-0"]
[ECO "B12"]
[WhiteElo "2566"]
[BlackElo "2403"]
[Annotator "RC"]
[PlyCount "187"]
[EventDate "2024.05.20"]
[EventType "swiss"]
[EventCountry "HUN"]
[SourceTitle "playchess.com"]
[Source "ChessBase"]
[SourceQuality "1"]
[TimeControl "40/5400+30:1800+30"]

1. e4 c6 2. d4 d5 3. e5 Bf5 4. h4 h5 5. c4 e6 6. Nc3 Bb4 7. cxd5 Qxd5 8. Nge2 Ne7 9. a3 Bxc3+ 10. Nxc3 Qd7 11. Bg5 Na6 12. Qd2 Nc7 13. Be2 Ncd5 14. O-O f6 15. Bf4 Nxf4 16. Qxf4 Ng6 17. Qe3 fxe5 18. Rad1 Qc7 19. g3 exd4 20. Qxd4 O-O 21. Bxh5 Ne5 22. Qe3 Rad8 23. Be2 a6 24. h5 Rxd1 25. Rxd1 Ng4 26. Bxg4 Bxg4 27. Rd4 Bxh5 28. Qxe6+ Qf7 29. Qxf7+ Rxf7 30. Ne4 Re7 31. f4 Bg4 32. Nf2 Re1+ 33. Kg2 Be6 34. Rd8+ Kf7 35. Nd3 Rb1 36. Rb8 Bd5+ 37. Kf2 c5 38. Ke3 c4 39. Ne5+ Ke7 40. Kd4 Rd1+ 41. Kc5 Bh1 42. Kxc4 Rc1+ 43. Kd4 Rd1+ 44. Ke3 Rg1 45. g4 Re1+ 46. Kd2 Rf1 47. Rh8 Bd5 48. Rc8 Ke6 49. Re8+ Kd6 50. Rd8+ Ke6 51. Re8+ Kd6 52. Rd8+ Ke6 53. Ng6 Bf3 54. Rb8 Bxg4 55. Rxb7 Kf5 56. Nh4+ Ke4 57. Ng6 Kf5 58. Ne5 Rxf4 59. Nd3 Rd4 60. Kc3 Rd6 61. Rxg7 Be2 62. Nc5 Rc6 63. Kd4 Rd6+ 64. Ke3 Bc4 65. b3 Bd5 66. Ra7 Ke5 67. Re7+ Kf5 68. Rh7 Bg8 69. Rg7 Bd5 70. Rh7 Bg8 71. Rh5+ Kg6 72. Rh4 Kf5 73. Ra4 Rh6 74. Ra5 Kg4 75. Kd4 Kf4 76. b4 Rd6+ 77. Kc3 Ke3 78. Rxa6 Rd1 79. Rg6 Bd5 80. Rg3+ Bf3 81. Rg7 Rc1+ 82. Kb2 Rc4 83. Rd7 Bc6 84. Rd6 Bf3 85. Rd3+ Ke2 86. Rc3 Rd4 87. Nb3 Rd1 88. Nc1+ Kf2 89. b5 Rd5 90. Nd3+ Kg1 91. a4 Bd1 92. Ka3 Rd4 93. Nc5 Be2 94. b6 1-0

[Event "Budapest Chess Festival 2024"]
[Site "Budapest"]
[Date "2024.05.31"]
[Round "9.8"]
[White "Kozak, Adam"]
[Black "Juhasz, Agoston"]
[Result "1-0"]
[ECO "B95"]
[WhiteElo "2607"]
[BlackElo "2431"]
[Annotator "TA"]
[PlyCount "55"]
[EventDate "2024.05.20"]
[EventType "swiss"]
[EventCountry "HUN"]
[SourceTitle "playchess.com"]
[Source "ChessBase"]
[SourceQuality "1"]
[TimeControl "40/5400+30:1800+30"]

1. e4 c5 2. Nf3 d6 3. d4 cxd4 4. Nxd4 Nf6 5. Nc3 a6 6. Bg5 e6 7. a3 Be7 8. Qd2 h6 9. Be3 {[%emt 0:04:45] The position is equal.} Ng4 10. O-O-O Bd7 11. f4 Nxe3 12. Qxe3 Nc6 13. Kb1 b5 14. e5 {[%emt 0:09:32] exd6 is the strong threat.} d5 15. Nxc6 (15. Qg3 $5) 15... Bxc6 16. f5 exf5 17. Be2 {[%emt 0:08:08][%cal Bf1e2,Be2f3,Bf3d5][%mdl 32] Threatens to win with Bf3.} O-O 18. Bf3 Qc7 (18... d4 $1 $11 19. Rxd4 Qb6) 19. Nxd5 $16 Bxd5 20. Bxd5 Rac8 21. Qe2 {[%emt 0:03:33] Active counter play!} Rfd8 (21... g6 $16 {was worth a try.}) 22. e6 $18 g6 23. exf7+ Kg7 24. Bb3 Bf6 $2 {[%emt 0:01:37] [#] This move loses the game for Black.} (24... Bf8 $16 25. g4 fxg4 26. Qxg4 a5) 25. Rxd8 Qxd8 26. Re1 Kf8 {[%emt 0:04:20] Wards off Qe8+} (26... Qd4 27. c3 Qe4+ 28. Qxe4 fxe4 29. Rxe4 Rf8) 27. Qe6 {[%emt 0:04:55] Black is weak on the light squares} a5 28. Qa6 {[%emt 0:00:36] Weighted Error Value: White=0.08 (flawless) /Black=0.39.  Loses game:     	---       	Black=1      Mistake:       	---       	Black=3      Inaccurate:     	White=2     	Black=3      OK:         	White=7     	Black=6      Best:        	White=3     	Black=1} 1-0

[Event "Budapest Chess Festival 2024"]
[Site "Budapest"]
[Date "2024.05.31"]
[Round "9.9"]
[White "Gschnitzer, Adrian"]
[Black "Fernandez, Daniel Howard"]
[Result "0-1"]
[ECO "B07"]
[WhiteElo "2431"]
[BlackElo "2526"]
[Annotator "RC"]
[PlyCount "72"]
[EventDate "2024.05.20"]
[EventType "swiss"]
[EventCountry "HUN"]
[SourceTitle "playchess.com"]
[Source "ChessBase"]
[SourceQuality "1"]
[TimeControl "40/5400+30:1800+30"]

1. e4 d6 2. d4 Nf6 3. Nc3 g6 4. Be3 Bg7 5. Qd2 c6 6. f3 b5 7. h4 a5 8. Nh3 Bxh3 9. Rxh3 h5 10. e5 b4 11. Na4 Nd5 12. e6 fxe6 13. Bd3 Kd7 14. a3 Kc7 15. Kf2 Nd7 16. c4 Nxe3 17. Qxe3 e5 18. d5 c5 19. Be4 Bh6 20. Qe1 Qf8 21. b3 g5 22. hxg5 Bxg5 23. Nb2 h4 24. Nd3 Qh6 25. Ke2 Nf6 26. Qg1 Kb6 27. Ra2 Nxe4 28. fxe4 Qg6 29. Nf2 Bf4 30. Rf3 h3 31. axb4 axb4 32. Rxa8 Rxa8 33. Rxh3 Ra2+ 34. Kf3 Qf7 35. g3 Bg5+ 36. Kg4 Be3 0-1

[Event "Budapest Chess Festival 2024"]
[Site "Budapest"]
[Date "2024.05.31"]
[Round "9.10"]
[White "Vetoshko, Volodymyr"]
[Black "Willow, Jonah B"]
[Result "1-0"]
[ECO "C47"]
[WhiteElo "2505"]
[BlackElo "2417"]
[Annotator "TA"]
[PlyCount "71"]
[EventDate "2024.05.20"]
[EventType "swiss"]
[EventCountry "HUN"]
[SourceTitle "playchess.com"]
[Source "ChessBase"]
[SourceQuality "1"]
[TimeControl "40/5400+30:1800+30"]

1. e4 e5 2. Nf3 Nc6 3. Nc3 Nf6 4. d4 Bb4 5. Nxe5 Bxc3+ 6. bxc3 Qe7 7. Bd3 Nxe5 8. dxe5 Qxe5 9. O-O O-O 10. Qe1 Re8 11. f4 Qe7 (11... Qe6 $1 $11) 12. e5 $14 {[%emt 0:01:35] Hoping for Qh4.} d5 $1 13. a4 Qc5+ (13... Ne4 $14) 14. Be3 $16 Qe7 15. Qh4 {[%emt 0:10:37] White is much more active.} (15. exf6 Qxe3+ 16. Qxe3 Rxe3 $11) (15. Bd4 $1 $16 Ne4 16. c4) 15... Ne4 $14 16. Qxe7 Rxe7 17. c4 c6 18. cxd5 cxd5 19. c4 $36 {[%emt 0:00:34][%mdl 2048] Black is under strong pressure.} Be6 20. Rfc1 {[%emt 0:05:40] Dodges d4} (20. a5 $16) 20... Rd7 (20... d4 $14 21. Bxe4 (21. Bxd4 Rd8 $11) 21... dxe3) 21. cxd5 $16 Bxd5 {[%emt 0:00:01] [#]} 22. Bxa7 $1 Bc6 {[%emt 0:01:38] [#]} 23. Ra3 g5 {[%emt 0:05:28] [#]} (23... Rxa7 $16 24. Bxe4 Rd4 25. Bxc6 bxc6) 24. Bb6 $1 $18 ({Resist} 24. Be3 $6 gxf4 25. Bxf4 Rd4 $16) 24... Nd2 25. a5 gxf4 26. a6 Rd5 $2 {[%emt 0:02:09] Black cannot hold the game after this.} (26... Rxd3 $16 {is a better chance.} 27. Rxd3 Rxa6) 27. Ba5 {[%emt 0:01:18] This pair of bishops is nice. White is clearly winning.} Nb3 28. Rxb3 Rxa5 29. axb7 Bxb7 30. Rxb7 Rxe5 31. Bc4 Rf5 32. Be2 Kg7 33. Bf3 Raa5 34. h3 Ra2 35. Kh2 Ra6 36. Rc4 {[%emt 0:00:36] Weighted Error Value: White=0.10 (very precise) /Black=0.34.  Loses game:     	---       	Black=1      Mistake:       	White=2     	Black=4      Inaccurate:     	---       	Black=1      OK:         	White=16    	Black=9      Best:        	White=2     	---        Strong:       	White=1     	Black=1} 1-0

[Event "Budapest Chess Festival 2024"]
[Site "Budapest"]
[Date "2024.05.31"]
[Round "9.11"]
[White "Haring, Filip"]
[Black "Pyrig, Roman"]
[Result "0-1"]
[ECO "A25"]
[WhiteElo "2484"]
[BlackElo "2262"]
[Annotator "TA"]
[PlyCount "86"]
[EventDate "2024.05.20"]
[EventType "swiss"]
[EventCountry "HUN"]
[SourceTitle "playchess.com"]
[Source "ChessBase"]
[SourceQuality "1"]
[TimeControl "40/5400+30:1800+30"]

1. c4 e5 2. g3 g6 3. Bg2 Nc6 4. Nc3 Bg7 5. Rb1 d6 6. d3 f5 7. e3 Nf6 8. b4 O-O 9. Nge2 Ne7 10. b5 g5 11. h4 g4 12. Qb3 {[%emt 0:14:20] White has an edge.} Kh8 13. a4 (13. O-O $14 {is more appropriate.}) 13... Nh5 $11 14. Nd5 Rb8 (14... Ng6 $11 {deserves consideration.}) 15. Bd2 Be6 16. d4 (16. Nxe7 $14 Qxe7 17. Kf1) 16... exd4 17. O-O (17. Nxd4 Bxd5 18. cxd5 Bxd4 19. exd4 f4 $17) 17... dxe3 18. Bxe3 Bxd5 19. cxd5 f4 20. Nxf4 $16 Nxf4 21. Bxf4 Rxf4 22. gxf4 {[%emt 0:00:07] Hoping for Rfc1.} Nf5 (22... Ng6 $142) 23. Qd3 Nxh4 24. Rfe1 ({Better is} 24. Rfc1) 24... Qf6 25. Re6 Qxf4 26. Qe4 (26. Qe3 $1 $14 Qf7 27. Rb4 (27. Qxa7 Rg8 $15)) 26... Qf7 $1 $11 {[%emt 0:01:02] Some like it hot} 27. Qxg4 Nxg2 28. Kxg2 Be5 {[%emt 0:00:06] White must now prevent ...Rg8.} 29. Kf1 {[%emt 0:01:46] Ke2 is the strong threat.} Rf8 30. Qe2 Qf4 {[%emt 0:00:47] Against Rb4} 31. Ke1 $2 (31. Rd1 $1 $11) 31... Bc3+ $40 {[%emt 0:01:04][%mdl 128] Black attacks with force.} (31... Qxa4 32. Rxe5 dxe5 33. Qxe5+ Kg8 34. Qg3+ Kf7 35. Qxc7+ Kg8 36. Qg3+ Kf7 37. Qf3+ Kg7 38. Qe3 $11) 32. Kd1 {[%emt 0:00:03][%cal Be1d1,Bd1c1,Bc1c2][%mdl 32] White is weak on the dark squares} (32. Kf1 $2 Qf5 33. Re3 Qxb1+ $19) 32... Qxa4+ 33. Kc1 {[%emt 0:00:54] [#]} Qf4+ $1 34. Kc2 {[%emt 0:00:53] [#]} Be5 {[%emt 0:00:23][%cal Of4d4] aiming for ...Qd4!} 35. Rb3 Qd4 (35... Qxf2 36. Qxf2 Rxf2+ 37. Kd3 $11) 36. f4 (36. Rd3 Qb2+ (36... Qxf2 37. Qxf2 Rxf2+ 38. Rd2 $14) 37. Kd1 Qa1+ (37... Rxf2 $2 38. Re8+ $18) (37... Qxb5 38. Qc2 $19) 38. Kd2) 36... Qc5+ ({Not} 36... Qxf4 37. Re7 $19) (36... Rxf4 37. Re8+ Kg7 38. Rg3+ Kh6 39. Re6+ Bf6 40. Qh2+ Rh4 41. Qd2+ Qxd2+ 42. Kxd2 $11) (36... Qxd5 37. Re7 Rg8 (37... Bxf4 38. Qe4 $17) (37... Rxf4 38. Re8+ Kg7 39. Rg3+ Kf6 40. Rf8+ Ke6 41. Rxf4 $11) (37... Qc5+ 38. Kb1 $17) 38. fxe5 $19) (36... Bxf4 37. Re8 Rxe8 38. Qxe8+ Kg7 39. Qe7+ Kg6 40. Qe8+ Kg7 41. Qd7+ Kg6 42. Qxc7 $11) 37. Kb1 {[%emt 0:01:02] Rxe5 would now be deadly.} Qxd5 ({Weaker is} 37... Bxf4 38. Re8 Qc1+ 39. Ka2 Rxe8 40. Qxe8+ Kg7 41. Qd7+ (41. Qe7+ Kg8 $11) 41... Kf8 42. Qf5+ Kg7 43. Qd7+ Kf8 44. Qf5+ Kg7 45. Qg4+ Kh8 46. Qc8+ Kg7 47. Qd7+ $11) 38. Rd3 (38. Re3 $142 Qxe6 39. fxe5) 38... Qxb5+ {[%emt 0:00:34] Black is clearly winning.} 39. Kc1 Qc4+ 40. Kb1 Qxe6 41. fxe5 Qxe5 42. Re3 Qf5+ 43. Kb2 Qf2 {[%emt 0:00:08] Quite a comeback for Black.   Weighted Error Value: White=0.71/Black=0.35.  Loses game:     	White=1     	---        Mistake:       	White=6     	Black=3      Inaccurate:     	White=2     	Black=2      OK:         	White=6     	Black=15     Best:        	White=4     	---        Strong:       	---       	Black=2} 0-1

[Event "Budapest Chess Festival 2024"]
[Site "Budapest"]
[Date "2024.05.31"]
[Round "9.12"]
[White "Kushko, Dmitriy"]
[Black "Tzidkiya, Yeshaayahu"]
[Result "1-0"]
[ECO "A00"]
[WhiteElo "2445"]
[BlackElo "2468"]
[Annotator "TA"]
[PlyCount "65"]
[EventDate "2024.05.20"]
[EventType "swiss"]
[EventCountry "HUN"]
[SourceTitle "playchess.com"]
[Source "ChessBase"]
[SourceQuality "1"]
[TimeControl "40/5400+30:1800+30"]

1. g3 e5 2. c4 g6 3. d4 Nc6 4. d5 Nce7 5. Bh3 f5 6. e4 d6 7. f4 (7. Nc3 $11) 7... Nf6 $15 8. Nc3 {[%emt 0:01:52] Black is slightly better.} exf4 9. Bxf4 Bg7 10. exf5 (10. e5 $11 dxe5 11. Bxe5) 10... Nxf5 11. Qe2+ Kf7 12. O-O-O Re8 13. Qd3 {[%emt 0:01:40] [#]} b5 $1 14. cxb5 $11 a6 {[%emt 0:01:11] [#] ...axb5 would now be deadly.} 15. b6 Rb8 (15... cxb6 16. Nf3) 16. Nf3 Rxb6 (16... c5 $1 $14) 17. Ng5+ Kg8 18. Rhe1 $36 {[%emt 0:00:38][%mdl 2048] White has some pressure.} h6 (18... Rb4 $14) 19. Ne6 $16 Bxe6 20. dxe6 Ne7 21. Re2 {[%emt 0:07:24] White is much more active.} Qc8 22. Rf1 {[%emt 0:02:12] aiming for Be3.} Rc6 (22... a5 $16 23. Kb1 Qa6 24. Qxa6 Rxa6) 23. Rc2 (23. Kb1 $18 {[%cal Of4h6] Strongly threatening Bxh6!} Qb8 24. Rc2 (24. Bxh6 Rxc3 25. Qxc3 Ned5 $18)) 23... Rf8 {[%emt 0:02:15] [#]} (23... h5 $16 {was worth a try.}) 24. Be3 $1 $18 Kh7 (24... g5 $16 25. Bd4 g4) 25. Bd4 {[%emt 0:01:56] Rcf2 is the strong threat.} Qb7 $2 (25... Qd8 26. Kb1 d5) 26. Rcf2 Ned5 {[%emt 0:00:43][%cal Be7d5,Bd5b4,Bb4d3][%mdl 32] [#]} 27. e7 $1 Rb8 (27... Nxe7 28. Bxf6) 28. Bg2 Nb4 29. Qb1 d5 30. Bxf6 {[%emt 0:02:06] A strong pair of Bishops.} (30. Rxf6 Bxf6 31. Bxf6 Qb6 $11) 30... Qb6 31. Bxg7 {[%emt 0:00:48] Hoping for Rf7.} Qe3+ 32. Kd1 {[%emt 0:00:41] Threatening mate with Rf7.} Nd3 33. Re2 {[%emt 0:01:24] Weighted Error Value: White=0.29 (precise) /Black=0.74.  Mistake:       	White=3     	Black=7      Inaccurate:     	---       	Black=2      OK:         	White=5     	Black=5      Best:        	White=4     	Black=1      Strong:       	White=1     	---} (33. Nxd5 $2 {loses.} Nxf2+ 34. Rxf2 Qxf2 $19) (33. Rf7 $142 Kg8 34. Rf8+ (34. Bxd5 h5 $18) 34... Kh7 35. Rxb8 Rb6 36. e8=Q (36. e8=R Nf2+ 37. Rxf2 Qxf2 38. Be5 Qg1+ 39. Kd2 Qf2+ 40. Ne2 Qe3+ 41. Kxe3 d4+ 42. Nxd4 Rxb8 43. Rxb8 h5 44. Rh8#) 36... Nxb2+ 37. Qxb2 Qxe8 38. Rxe8) 1-0

[Event "Budapest Chess Festival 2024"]
[Site "Budapest"]
[Date "2024.05.31"]
[Round "9.13"]
[White "Onyshchuk, Volodymyr"]
[Black "Paprocki, Jaroslaw"]
[Result "1-0"]
[ECO "C50"]
[WhiteElo "2619"]
[BlackElo "2145"]
[Annotator "TA"]
[PlyCount "87"]
[EventDate "2024.05.20"]
[EventType "swiss"]
[EventCountry "HUN"]
[SourceTitle "playchess.com"]
[Source "ChessBase"]
[SourceQuality "1"]
[TimeControl "40/5400+30:1800+30"]

1. e4 e5 2. Nf3 Nc6 3. Bc4 Be7 4. d4 d6 5. d5 Nb8 6. Bd3 c6 7. c4 Bg4 8. Nc3 Nf6 {[%emt 0:02:00] White is slightly better.} 9. h3 Bxf3 10. Qxf3 Na6 11. g3 Nd7 12. h4 Nb4 {[%emt 0:04:13] White stays focused until the end.} 13. Bb1 a5 14. Be3 O-O 15. O-O Na6 16. Qe2 {[%emt 0:04:54] Black is weak on the light squares} Bf6 17. Rd1 c5 (17... Be7 $142 18. Bc2 Nac5) 18. Kg2 {[%emt 0:01:34] White is more active.} g6 19. Bc2 Nc7 20. Rh1 h5 21. g4 hxg4 22. Qxg4 Bg7 23. h5 Nf6 24. Qh3 gxh5 25. Bd1 Qd7 26. Qh4 (26. Bxh5 Qxh3+ 27. Rxh3 Nxh5 $18) 26... Rfb8 27. Bxh5 {[%emt 0:04:14] [#] And now Rag1 would win.} Kf8 28. Ne2 {[%emt 0:03:51][%cal Bc3e2,Be2g3,Bg3f5][%mdl 32] Ng3 would now be deadly.} Nce8 $2 (28... Ke7 29. Ng3 Rg8) 29. Ng3 $18 Ng8 30. Nf5 Bf6 31. Qg3 Ng7 32. Bg4 Nxf5 33. Bxf5 (33. exf5 Ke7 34. Rh7 Rf8 $14) 33... Qa4 34. b3 Qe8 35. Rh7 a4 36. Rah1 axb3 37. axb3 (37. Be6 $142 b6 38. Bxf7 Qxf7 39. Rxf7+ Kxf7 40. Rh7+ (40. axb3 Ne7 $18) 40... Kf8 41. Qg6 (41. axb3 Rb7 42. Rxb7 Ne7 43. Bg5 Bxg5 44. Qxg5 Re8 45. Qh5 Rd8 46. Qh6+ Ke8) 41... Ra7 42. Bh6+ (42. Rxa7 Be7 43. Bh6+ Nxh6 44. Qxh6+ Kf7 45. Qe6+ Kg7 46. Rxe7+ Kh8 47. Qh6+ Kg8 48. Qg7#) 42... Nxh6 43. Qxf6+ (43. Rxa7 Be7 44. Qxh6+ Kf7 45. Qe6+ Kg7 46. Rxe7+ Kh8 47. Qh6+ Kg8 48. Qg7#) 43... Rf7 44. Qxh6+ Ke7 45. Qe6+ (45. axb3 Rxh7 46. Qxh7+ Kd8 $18) 45... Kd8 46. Qxf7 bxa2 47. Rh8#) 37... b5 38. Bg5 {[%emt 0:02:36][%cal Oh1h6] Threatening mate with R1h6!} Qd8 {[%emt 0:01:03] [#]} 39. Rxf7+ $3 {[%emt 0:01:54][%mdl 512] White mates.} Kxf7 40. Be6+ {[%emt 0:00:00] This pair of bishops is nice.} Ke8 41. Bxf6 Qxf6 42. Qxg8+ Qf8 43. Qg6+ Kd8 44. Rh7 {[%emt 0:00:06] Weighted Error Value: White=0.05 (flawless) /Black=0.77.  Mistake:       	---       	Black=2      Inaccurate:     	---       	Black=5      OK:         	White=13    	Black=4} 1-0

[Event "Budapest Chess Festival 2024"]
[Site "Budapest"]
[Date "2024.05.31"]
[Round "9.14"]
[White "Prohaszka, Peter"]
[Black "Vanczak, Tamas"]
[Result "1-0"]
[ECO "E16"]
[WhiteElo "2581"]
[BlackElo "2412"]
[Annotator "RC"]
[PlyCount "85"]
[EventDate "2024.05.20"]
[EventType "swiss"]
[EventCountry "HUN"]
[SourceTitle "playchess.com"]
[Source "ChessBase"]
[SourceQuality "1"]
[TimeControl "40/5400+30:1800+30"]

1. d4 Nf6 2. c4 e6 3. Nf3 Bb4+ 4. Bd2 Qe7 5. g3 Bxd2+ 6. Qxd2 Nc6 7. b3 Ne4 8. Qb2 O-O 9. Bg2 d6 10. O-O f5 11. b4 e5 12. d5 Nd8 13. Nc3 Nf6 14. Rac1 Nf7 15. c5 Bd7 16. Nd2 h5 17. Qb3 b6 18. c6 Bc8 19. Qc4 g5 20. Rce1 f4 21. e3 fxg3 22. fxg3 Nh6 23. Qd3 Kg7 24. h3 e4 25. Ndxe4 Nxe4 26. Rxf8 Kxf8 27. Nxe4 Bf5 28. Qd4 Bxe4 29. Qh8+ Kf7 30. Qxh6 Bxg2 31. Kxg2 Qe4+ 32. Kg1 Rg8 33. Rf1+ Ke8 34. Qxh5+ Kd8 35. Qf3 Re8 36. Qxe4 Rxe4 37. Rf5 Rxb4 38. Rxg5 a5 39. h4 Ke7 40. Rg7+ Kf6 41. Rxc7 Ke5 42. Re7+ Kxd5 43. c7 1-0

[Event "Budapest Chess Festival 2024"]
[Site "Budapest"]
[Date "2024.05.31"]
[Round "9.15"]
[White "Hera, Imre Jr."]
[Black "Nguyen, Piotr"]
[Result "1/2-1/2"]
[ECO "B38"]
[WhiteElo "2542"]
[BlackElo "2402"]
[Annotator "TA"]
[PlyCount "41"]
[EventDate "2024.05.20"]
[EventType "swiss"]
[EventCountry "HUN"]
[SourceTitle "playchess.com"]
[Source "ChessBase"]
[SourceQuality "1"]
[TimeControl "40/5400+30:1800+30"]

1. e4 c5 2. Nf3 g6 3. d4 cxd4 4. Nxd4 Nc6 5. c4 Bg7 6. Be3 Qb6 7. Nb5 Qa5+ 8. N1c3 Nf6 9. f3 {[%emt 0:00:15] White is slightly better.} O-O 10. Be2 a6 11. Nd4 Nxd4 12. Bxd4 Qg5 {[%emt 0:03:39] [#]} (12... d6 $14) 13. O-O ({Better is} 13. e5 $1 $16 Ne8 14. g3) 13... Nh5 $14 14. Nd5 Nf4 15. Nxf4 Qxf4 16. c5 Rd8 {[%emt 0:06:19] The position is equal.} 17. Rc1 d5 18. Bxg7 Kxg7 19. exd5 {[%emt 0:00:16] Strongly threatening Qd3.} Be6 20. Qd3 {[%emt 0:07:01] [#] aiming for Qc3+.} Rxd5 21. Qc3+ {[%emt 0:00:14] Weighted Error Value: White=0.13 (very precise) /Black=0.06 (flawless) .  Mistake:       	White=1     	Black=1      Inaccurate:     	White=1     	---        OK:         	White=7     	Black=8      Best:        	White=1     	---} 1/2-1/2

[Event "Budapest Chess Festival 2024"]
[Site "Budapest"]
[Date "2024.05.31"]
[Round "9.16"]
[White "Mihok, Oliver"]
[Black "Neverov, Valeriy"]
[Result "0-1"]
[ECO "B97"]
[WhiteElo "2528"]
[BlackElo "2389"]
[Annotator "RC"]
[PlyCount "210"]
[EventDate "2024.05.20"]
[EventType "swiss"]
[EventCountry "HUN"]
[SourceTitle "playchess.com"]
[Source "ChessBase"]
[SourceQuality "1"]
[TimeControl "40/5400+30:1800+30"]

1. e4 c5 2. Nf3 d6 3. d4 cxd4 4. Nxd4 Nf6 5. Nc3 a6 6. Bg5 e6 7. f4 Qb6 8. Nb3 Be7 9. Qd2 h6 10. Bxf6 Bxf6 11. O-O-O Be7 12. g4 Nc6 13. h4 Bd7 14. e5 d5 15. Bg2 a5 16. Bxd5 a4 17. Bc4 O-O 18. Na1 Na5 19. Be2 a3 20. b3 Bc6 21. Rh3 Rfd8 22. Qe1 Rxd1+ 23. Bxd1 Rd8 24. g5 Nc4 25. Rd3 Rxd3 26. cxd3 Nb2 27. Kd2 Qd4 28. Qe3 Qxe3+ 29. Kxe3 Bb4 30. Nc2 Bxc3 31. Be2 f6 32. gxf6 gxf6 33. d4 fxe5 34. fxe5 Kg7 35. h5 b5 36. Nxa3 b4 37. Nc2 Kf7 38. a3 bxa3 39. Nxa3 Ke7 40. Nc4 Nxc4+ 41. bxc4 Bg2 42. Kd3 Bb2 43. Ke3 Bh3 44. Kd3 Kd7 45. Ke4 Bf5+ 46. Ke3 Kc7 47. Bf3 Bc1+ 48. Kf2 Kb6 49. d5 Bf4 50. dxe6 Bxe6 51. Bd5 Bg4 52. Bf3 Bd7 53. Bd5 Be8 54. Kf3 Bxe5 55. Kg4 Bd7+ 56. Kf3 Be8 57. Kg4 Bd7+ 58. Kf3 Kc5 59. Ke4 Bb2 60. Bf7 Ba4 61. Ke3 Kd6 62. Ke4 Bc2+ 63. Ke3 Ke5 64. Bg6 Bd4+ 65. Ke2 Bb3 66. Kd3 Bc5 67. Be8 Bd1 68. Bg6 Kf4 69. Kd2 Bf3 70. Bf7 Kg3 71. Bg6 Kh4 72. Ke1 Be3 73. Bf7 Kg3 74. Bg6 Kf4 75. Bf7 Bg4 76. Kf1 Kg3 77. Ke1 Bf2+ 78. Kd2 Kf3 79. Bd5+ Kf4 80. Bf7 Ke4 81. Bg6+ Kd4 82. Bf7 Bf3 83. Kc2 Be3 84. Kb3 Ke5 85. c5 Bxc5 86. Kc4 Ba7 87. Kd3 Kf4 88. Kd2 Kg3 89. Ke1 Bf2+ 90. Kf1 Bg4 91. Bg6 Be3 92. Bf7 Bd2 93. Bg6 Kf3 94. Bf7 Bh3+ 95. Kg1 Kg3 96. Bd5 Be3+ 97. Kh1 Bg4 98. Bc6 Bxh5 99. Bd5 Be2 100. Bc6 h5 101. Bd5 h4 102. Bg2 h3 103. Be4 Bf1 104. Bd5 Bg2+ 105. Bxg2 hxg2# 0-1